 Dungeon Crawl Stone Soup version 0.30-a0-1157-g2cc9ac7196 (console) character file.

Game seed: 14967664622682912806

43555 petzl the Destroyer (level 14, -5/109 HPs)
             Began as a Formicid Delver on Apr 24, 2023.
             Was an Elder of Vehumet.
             Slain by a red ugly thing (13 damage)
             ... on level 14 of the Dungeon on Apr 25, 2023.
             The game lasted 03:04:48 (31026 turns).

petzl the Destroyer (Formicid Delver)              Turns: 31026, Time: 03:04:49

Health: -5/109     AC:  8    Str: 19    XL:     14   Next: 61%
Magic:  18/29      EV: 17    Int: 13    God:    Vehumet [****..]
Gold:   459        SH:  0    Dex: 15    Spells: 9/36 levels left

rFire   . . .        a - +9 shortbow (drain)
rCold   . . .        (no shield)
rNeg    . . .        E - +2 leather armour {Will+}
rPois   .            (helmet unavailable)
rElec   .            B - +0 cloak
rCorr   .            t - +0 pair of gloves
SInv    +            (no boots)
Will    ++...        (no amulet)
Stlth   +++          m - ring of wizardry
HPRegen 0.38/turn    N - +5 ring of evasion
MPRegen 0.21/turn

%: wizardry (x1)
@: no status effects
A: permanent stasis, dig shafts and tunnels, antennae 3, four strong arms
a: Dig, Shaft Self, Renounce Religion


You were on level 14 of the Dungeon.
You worshipped Vehumet.
Vehumet was greatly pleased with you.
You visited 5 branches of the dungeon, and saw 20 of its levels.
You also visited: Bailey.

You collected 1549 gold pieces.
You spent 1090 gold pieces at shops.

Inventory:

Hand Weapons
 a - a +9 shortbow of draining (weapon)
 b - a +0 trident of venom
 c - a +3 flail of holy wrath
 f - a +1 dagger of electrocution {!f =f}
 n - a +2 flail of protection
 G - a +0 arbalest of freezing
 H - a +2 dagger of pain {!f =f}
 L - a +1 heavy flail
Missiles
 s - 52 poisoned darts
 I - 2 curare-tipped darts
Armour
 t - a +0 pair of gloves (worn)
 B - a +0 cloak (worn)
 E - a +2 leather armour of willpower (worn)
Magical Staves
 e - the staff of earth "Luw Zokh" {rElec rF- Str+3 Int+3}
   (You found it on level 7 of the Dungeon)

   [staff of earth]

   Base accuracy: +5 Base damage: 5 Base attack delay: 1.2 This weapon's minimum
   attack delay (0.6) is reached at skill level 12.
   Str:       It affects your strength (+3).
   Int:       It affects your intelligence (+3).
   rF:        It makes you vulnerable to fire.
   rElec:     It insulates you from electricity.
   It falls into the 'Staves' category.
   It is a weapon for one hand-pair.
Jewellery
 m - a ring of wizardry (left hand)
 p - a ring of magical power
 N - a +5 ring of evasion (right hand)
Wands
 A - a wand of flame (12)
 F - a wand of paralysis (5)
 P - a wand of digging (5)
Scrolls
 d - a scroll of magic mapping
 h - 2 scrolls of enchant weapon
 i - 4 scrolls of vulnerability
 j - 4 scrolls of immolation
 q - 3 scrolls of identify
 r - 6 scrolls of poison
 x - 2 scrolls of enchant armour
 y - 2 scrolls of amnesia
 C - 2 scrolls of silence
 K - a scroll of acquirement
 M - 2 scrolls of fog
 O - a scroll of torment
 Q - a scroll of fear
Potions
 g - 2 potions of cancellation {unknown}
 k - a potion of lignification {unknown}
 l - 3 potions of brilliance
 o - a potion of degeneration {unknown}
 u - a potion of resistance {unknown}
 v - a potion of flight {unknown}
 w - a potion of ambrosia
 z - a potion of mutation {unknown}
 D - 2 potions of magic {unknown}
 J - 2 potions of invisibility {unknown}


   Skills:
 + Level 9.8 Fighting
 - Level 3.0 Maces & Flails
 - Level 5.0 Ranged Weapons
 - Level 5.0 Armour
 - Level 3.0 Dodging
 - Level 7.3 Stealth
 + Level 11.5 Spellcasting
 + Level 12.1 Conjurations
 - Level 2.3 Transmutations
 - Level 6.0 Fire Magic
 - Level 6.0 Ice Magic
 - Level 6.0 Air Magic
 - Level 5.8 Poison Magic
 - Level 2.3 Evocations


You had 9 spell levels left.
You knew the following spells:

 Your Spells              Type           Power      Damage    Failure   Level
a - Poisonous Vapours     Pois/Air       44%        N/A       1%          2
b - Magic Dart            Conj           100%       1d8       1%          1
m - Mephitic Cloud        Conj/Pois/Air  28%        N/A       1%          3
o - Orb of Destruction    Conj           19%        9d8       7%          7
s - Sticky Flame          Conj/Fire      31%        2d5       1%          4
A - Ozocubu's Armour      Ice            23%        N/A       1%          3
I - Ignite Poison         Fire/Tmut/Pois 19%        N/A       1%          3
T - Olgreb's Toxic Radia  Pois           22%        N/A       1%          4

Your spell library contained the following spells:

 Spells                   Type           Power      Damage    Failure   Level
 Eringya's Noxious Bog    Tmut/Pois      9%         N/A       30%         6
 Freeze                   Ice            92%        1d9       1%          1
 Fireball                 Conj/Fire      15%        3d8       1%          5
 Iskenderun's Battlesphe  Conj           39%        2d9       1%          5
 Conjure Ball Lightning   Conj/Air       15%        3x3d6     4%          6
 Call Imp                 Summ           14%        N/A       7%          2
 Summon Ice Beast         Ice/Summ       15%        N/A       13%         4
 Metabolic Englaciation   Hex/Ice        7%         N/A       32%         5
 Simulacrum               Ice/Necr       7%         N/A       86%         6
 Chain Lightning          Conj/Air       15%        3d20      100%        9
 Fire Storm               Conj/Fire      15%        8d4       100%        9


Dungeon Overview and Level Annotations

Branches:
Dungeon (15/15)            Temple (1/1) D:5            Lair (1/5) D:10
    Orc (2/2) D:10            Elf (1/3) Orc:2        Vaults (0/5) D:13
 Depths (0/4) D:15         Bailey (visited)

Altars:
Ashenzari
Cheibriados
Dithmenos
Elyvilon
Fedhas
Gozag
Hepliaklqana
Kikubaaqudgha
Makhleb
Nemelex Xobeh
Okawaru
Qazlal
Ru
Sif Muna
Trog
Uskayaw
Vehumet
Wu Jian
Xom
Yredelemnul
Zin
The Shining One
Lugonu

Shops:
Orc:1 :   Orc:2 :*!*=

Portals:
Abyss: D:10

Annotations:
D:8 Erica
D:10 exclusion: downstairs
D:13 exclusion: 2 downstairs
D:14 exclusion: downstairs
Orc:2 3 runed translucent doors, exclusion: downstairs, jejorda2's ghost, journeyman MfBe; pigah's ghost, journeyman OpWn


Innate Abilities, Weirdness & Mutations

You cannot be hasted, slowed, berserked, paralysed or teleported.
You can dig through walls and to a lower floor.
You have a pair of large antennae on your head. (SInv)
Your four strong arms can wield two-handed weapons with a shield.


Message History

The red ugly thing is lightly wounded.
The red ugly thing seems to burn from within.
The red ugly thing is lightly wounded.
The white ugly thing is poisoned.
The brown ugly thing is poisoned. x3
The red ugly thing is poisoned. x3; The brown ugly thing is poisoned.
The red ugly thing is poisoned. x2; The purple ugly thing is poisoned.
The red ugly thing is poisoned. x3; The brown ugly thing is poisoned.
Your toxic aura wanes.
The brown ugly thing closely misses you.
The red ugly thing closely misses you. The red ugly thing bites you!
You are engulfed in flames!!
Unknown command.
Unknown command.
Unknown command.
Okay, then.
Unknown command.
The red ugly thing attacks as you move away!
The red ugly thing headbutts you.
You are engulfed in flames!
* * * LOW HITPOINT WARNING * * *
Found a whip.
The brown ugly thing basks in the mutagenic energy from its kin and changes!
Your magical contamination has completely faded away.
Unknown command.
Unknown command.
Are you sure you want to shaft yourself?
You kill the brown ugly thing!
Vehumet accepts your kill.
You feel your power returning.
The red ugly thing headbutts you but does no damage.
You begin to dig a shaft.
You continue digging a shaft.
The red ugly thing basks in the mutagenic energy from its kin and changes!
The red ugly thing pecks you.
* * * LOW HITPOINT WARNING * * *
You are engulfed in flames!
* * * LOW HITPOINT WARNING * * *
The red ugly thing basks in the mutagenic energy from its kin and changes!
The red ugly thing headbutts you.
* * * LOW HITPOINT WARNING * * *
You are engulfed in flames!
You die...

#######..........<#####.######.######
#.?.........# #.# #.# # #...........#
#.# #.# # #.>.........# #.# #.# #
#######..<........# #.# #.# #
..................#####.######.######
#######..............................
#.............#######.......#####
#.############# ######### # #.# { { {
#.# { #####.# .....#..#).... ....#.#
....#....#... . ....#.# ..#......#.
.. . ....#...... #........# .... .
..>.#.......##........##.... .. ....#
#....#..#......#..#... .. ....#
#...#....#...u#....#.. .#....#.
....#. ..#......#÷@#......#. #......#
....#.# #........##uu......# ...()...
##.##.###..(.....##uu.:u...# ...[$...
#.##.#..#......#..#.u.u..# ......#
#.##.#...#....#....#.u..#.. #....#.
#.##.#....#(.#......#uu#u.. #..#..
#.##.......##........##.u.. #...
#.##.[.....##........# u...u #...
#.##.#....#..#......#.. .u. #..#..
#.##.#...#....#....#.... . #....#.
#.##†#..#......#..#...... #......#
#.##.###........##....... ........
#.##.# #........# ....... ........
#..#[# ########## ####### #######
##...# #####


You could see 14 ugly things.

Vanquished Creatures
  Kirke (D:13)
  A hydra (D:14)
  8 two-headed ogres
  3 boulder beetles
  3 tengu warriors
  An orc high priest (Orc:1)
  Sonja (D:13)
  2 necromancers (D:13)
  Pikel (D:7)
  2 deep elf pyromancers
  5 cyclopes
  2 ugly things
  4 manticores (D:14)
  A gargoyle (D:11)
  A cane toad (D:10)
  An unseen horror (D:10)
  2 unseen horrors (shapeshifter)
  2 freezing wraiths (D:14)
  A kobold demonologist (D:7)
  3 tengu conjurers (D:14)
  A meliai (D:14)
  A troll (shapeshifter) (D:15)
  8 trolls
  A hornet (D:8)
  36 slime creatures
  2 shadows
  A vampire (D:13)
  A slime creature (shapeshifter) (D:14)
  3 wyverns
  4 wraiths
  14 yaks
  A basilisk (D:12)
  6 hogs (D:13)
  Menkaure (D:7)
  3 vampire mosquitoes (D:11)
  3 acid dragons
  2 wargs (Orc:1)
  Duvessa (D:7)
  A floating eye (shapeshifter) (D:14)
  3 water moccasins
  35 orc warriors
  A sky beast (D:6)
  2 ice beasts
  2 black bears
  4 ogres
  4 boggarts
  3 wolves
  13 centaurs
  2 phantoms
  2 lemures (D:6)
  5 kobold brigands
  3 bullfrogs
  5 gnoll sergeants
  2 scorpions
  6 wights
  Dowan (D:7)
  3 howler monkeys
  An electric eel (D:10)
  A jelly (D:6)
  10 orc priests
  A gnoll bouda (D:7)
  9 hounds
  6 iguanas
  28 orc wizards
  42 gnolls
  4 adders
  2 shadow imps
  An ufetubus (D:7)
  3 dart slugs
  A worm (D:2)
  98 orcs
  5 bats
  11 endoplasms
  5 giant cockroaches
  13 goblins
  8 hobgoblins
  11 jackals (D:4)
  A quokka (D:2)
  3 ball pythons
  5 frilled lizards
  25 kobolds
  2 rats
  2 lurking horrors (D:10)
529 creatures vanquished.

Vanquished Creatures (others)
  6 ball lightnings (D:12)
  3 fungi
  7 withered plants (D:15)
16 creatures vanquished.

Grand Total: 545 creatures vanquished

Notes
Turn   | Place    | Note
-------+----------+-------------------------------------------
     0 | D:5      | petzl the Formicid Delver began the quest for the Orb.
     0 | D:5      | Reached XP level 1. HP: 18/18 MP: 1/1
     6 | D:6      | Noticed a hornet
     7 | D:6      | Noticed a bullfrog
     7 | D:6      | Noticed an ice beast
    13 | D:6      | Noticed an orc warrior
    13 | D:6      | Noticed an orc priest
    80 | D:5      | Noticed a hound
   197 | D:4      | Reached XP level 2. HP: 24/24 MP: 3/3
   198 | D:4      | Reached skill level 1 in Ranged Weapons
   198 | D:4      | Reached skill level 1 in Spellcasting
   204 | D:4      | Found a broken altar of Ashenzari.
   211 | D:4      | Found a blossoming altar of Fedhas.
   565 | D:1      | Reached XP level 3. HP: 25/29 MP: 5/5
  1621 | D:2      | Reached XP level 4. HP: 30/35 MP: 7/7
  2170 | D:3      | Noticed an ice beast
  2375 | D:4      | Noticed a black bear
  2397 | D:4      | Reached XP level 5. HP: 30/41 MP: 9/9
  2446 | D:4      | Noticed a phantom
  2581 | D:5      | Found a staircase to the Ecumenical Temple.
  2844 | D:5      | Reached XP level 6. HP: 24/47 MP: 9/11
  2979 | D:5      | You fall into a shaft and drop 3 floors!
  3521 | D:7      | Identified the staff of earth "Luw Zokh" {rElec rF- Str+3
                  | Int+3}
  3823 | D:7      | Noticed Pikel
  3875 | D:5      | You fall into a shaft and drop 2 floors!
  3926 | D:7      | Noticed a wraith
  3986 | D:7      | Noticed an orc warrior
  4109 | D:6      | Reached XP level 7. HP: 35/49 MP: 13/13
  4259 | D:6      | Learned a level 3 spell: Ozocubu's Armour
  4336 | D:6      | Reached skill level 1 in Ice Magic
  4451 | D:6      | Reached skill level 5 in Spellcasting
  4536 | D:6      | Noticed a water moccasin
  4551 | D:6      | Killed a water moccasin
  4864 | D:6      | Reached XP level 8. HP: 51/56 MP: 14/16
  4934 | D:6      | You fall into a shaft and drop 1 floor!
  5089 | D:7      | Noticed a kobold demonologist
  5234 | D:9      | Noticed a wyvern
  5718 | D:8      | Noticed a hornet
  5867 | D:7      | Killed Pikel
  5868 | D:7      | Reached skill level 5 in Ranged Weapons
  5868 | D:7      | Reached skill level 5 in Ice Magic
  6311 | D:9      | Noticed a yak
  6311 | D:9      | Noticed a yak
  6311 | D:9      | Noticed a yak
  6311 | D:9      | Noticed a yak
  6311 | D:9      | Noticed a yak
  6311 | D:9      | Noticed a yak
  6335 | D:8      | You fall into a shaft and drop 2 floors!
  6335 | D:10     | Entered Level 10 of the Dungeon
  6442 | D:10     | Found a flagged portal.
  6503 | Bailey   | Entered a bailey
  6606 | D:11     | Noticed a two-headed ogre
  6645 | D:10     | Found a one-way gate to the infinite horrors of the Abyss.
  6757 | D:10     | Found a corrupted altar of Lugonu.
  7068 | D:11     | Noticed a wyvern
  7189 | D:11     | Learned a level 1 spell: Magic Dart
  7193 | D:11     | Learned a level 3 spell: Mephitic Cloud
  7297 | D:12     | Noticed a green ugly thing
  7303 | D:12     | Noticed a shadow
  7361 | D:11     | Noticed a cyclops
  7542 | D:9      | Reached XP level 9. HP: 52/64 MP: 18/18
  7658 | D:9      | Reached skill level 1 in Conjurations
  7658 | D:9      | Reached skill level 1 in Poison Magic
  7954 | D:7      | Reached skill level 1 in Armour
  7965 | D:7      | You fall into a shaft and drop 2 floors!
  8134 | D:9      | Reached skill level 1 in Air Magic
  8136 | D:9      | You fall into a shaft and drop 1 floor!
  8394 | D:7      | Reached skill level 2 in Conjurations
  8984 | D:7      | Noticed Menkaure
  9103 | D:7      | Reached skill level 3 in Conjurations
  9185 | D:7      | Noticed Dowan
  9243 | D:7      | You fall into a shaft and drop 1 floor!
  9751 | D:6      | You fall into a shaft and drop 2 floors!
  9950 | D:6      | Reached XP level 10. HP: 54/73 MP: 20/20
 10218 | D:6      | Reached skill level 4 in Conjurations
 10387 | Temple   | Entered the Ecumenical Temple
 10683 | Temple   | Became a worshipper of Vehumet
 10832 | D:5      | Reached skill level 5 in Fighting
 12072 | D:4      | Found a glowing golden altar of the Shining One.
 12324 | D:4      | Reached * piety under Vehumet
 12324 | D:4      | Offered knowledge of Freeze by Vehumet.
 12374 | D:4      | Reached skill level 5 in Conjurations
 13044 | D:4      | Reached ** piety under Vehumet
 13044 | D:4      | Offered knowledge of Static Discharge by Vehumet.
 13636 | D:7      | Noticed Duvessa
 13639 | D:7      | Killed Dowan
 13655 | D:7      | Killed Duvessa
 14170 | D:7      | You fall into a shaft and drop 3 floors!
 14552 | D:9      | Reached skill level 6 in Conjurations
 14812 | D:8      | Noticed Erica
 14968 | D:8      | You fall into a shaft and drop 2 floors!
 15466 | D:8      | Reached XP level 11. HP: 69/79 MP: 23/23
 15572 | D:7      | Noticed a soul eater
 15575 | D:7      | Reached skill level 7 in Conjurations
 15733 | D:7      | Killed Menkaure
 15934 | D:10     | Found a staircase to the Orcish Mines.
 16134 | D:10     | Noticed a two-headed ogre
 16306 | D:9      | Offered knowledge of Poisonous Vapours by Vehumet.
 16315 | D:9      | Learned a level 2 spell: Poisonous Vapours
 16588 | D:10     | Reached *** piety under Vehumet
 16741 | D:10     | Killed a two-headed ogre
 16742 | D:10     | Reached skill level 1 in Evocations
 17006 | D:10     | Found a staircase to the Lair.
 17269 | D:10     | Offered knowledge of Olgreb's Toxic Radiance by Vehumet.
 17290 | D:10     | Reached skill level 8 in Conjurations
 17302 | D:10     | Learned a level 4 spell: Olgreb's Toxic Radiance
 17606 | D:10     | Found a sparkling altar of Nemelex Xobeh.
 17616 | D:10     | Found a glowing silver altar of Zin.
 17700 | D:10     | Reached skill level 5 in Poison Magic
 17904 | Lair:1   | Entered Level 1 of the Lair of Beasts
 18246 | D:11     | Got the Spellbook of the Chilled Blaze
 18252 | D:11     | Learned a level 4 spell: Sticky Flame
 18474 | D:11     | Reached skill level 1 in Fire Magic
 18953 | D:11     | Killed a cyclops
 18954 | D:11     | Reached XP level 12. HP: 86/87 MP: 25/25
 19510 | Orc:1    | Entered Level 1 of the Orcish Mines
 19608 | Orc:2    | Entered Level 2 of the Orcish Mines
 19895 | Orc:1    | Reached **** piety under Vehumet
 19912 | Orc:1    | Reached skill level 5 in Fire Magic
 19959 | Orc:1    | Noticed an orc high priest
 19978 | Orc:1    | Killed an orc high priest
 19991 | Orc:1    | Offered knowledge of Ignite Poison by Vehumet.
 20022 | Orc:1    | Learned a level 3 spell: Ignite Poison
 20200 | Orc:1    | Found Rin Ham's Book Shop.
 20405 | Orc:2    | Found Kenkeej's Book Shoppe.
 21530 | Orc:2    | Found a runed translucent gate.
 21530 | Orc:2    | Noticed pigah's ghost (journeyman OpWn)
 21551 | Orc:2    | Reached skill level 1 in Transmutations
 21682 | Orc:2    | Found a runed translucent gate.
 21682 | Orc:2    | Found a runed translucent gate.
 21696 | Orc:2    | Noticed jejorda2's ghost (journeyman MfBe)
 21839 | Orc:2    | Found a staircase to the Elven Halls.
 22053 | Orc:2    | Found Ynuj's Assorted Antiques.
 22053 | Orc:2    | Found Mowke's Distillery.
 22055 | Orc:2    | Found Huech's Assorted Antiques.
 22057 | Orc:2    | Found Netis's Jewellery Emporium.
 22064 | Orc:2    | Bought a runed shortbow for 174 gold pieces
 22064 | Orc:2    | Bought a scroll labelled QEDUFI VUAFF for 29 gold pieces
 22067 | Orc:2    | Bought a bubbling blue potion for 35 gold pieces
 22172 | Elf:1    | Entered Level 1 of the Elven Halls
 22177 | Elf:1    | Noticed a +1 dire flail of draining
 22177 | Elf:1    | Noticed a deep elf knight
 22360 | Orc:2    | Bought a book of the Spheres for 810 gold pieces
 22367 | Orc:2    | Learned a level 6 spell: Conjure Ball Lightning
 22480 | Orc:2    | Bought a potion of curing for 42 gold pieces
 22787 | D:12     | Noticed a boulder beetle
 22948 | D:12     | Noticed a two-headed ogre
 22950 | D:12     | Killed a boulder beetle
 22951 | D:12     | Reached skill level 9 in Conjurations
 22951 | D:12     | Reached skill level 5 in Air Magic
 22951 | D:12     | Killed a two-headed ogre
 22952 | D:12     | Reached XP level 13. HP: 96/96 MP: 22/26
 23511 | D:12     | Learned a level 7 spell: Orb of Destruction
 24243 | D:13     | Noticed Kirke
 24308 | D:13     | Killed Kirke
 24623 | D:13     | You fall into a shaft and drop 1 floor!
 24933 | D:14     | Reached skill level 10 in Spellcasting
 24933 | D:14     | Reached skill level 10 in Conjurations
 25318 | D:14     | Reached ***** piety under Vehumet
 25575 | D:14     | Noticed a seven-headed hydra
 25579 | D:14     | Noticed a catoblepas
 25581 | D:14     | You fall into a shaft and drop 1 floor!
 25581 | D:15     | Entered Level 15 of the Dungeon
 25718 | D:15     | Found a broken altar of Ashenzari.
 25751 | D:15     | Offered knowledge of Eringya's Noxious Bog by Vehumet.
 26743 | D:12     | Got the Catalogue of Momentum
 27516 | D:14     | Noticed an eight-headed hydra
 27639 | D:13     | Reached skill level 11 in Conjurations
 27820 | D:13     | Reached XP level 14. HP: 106/106 MP: 13/28
 28013 | D:13     | Found a gate to the Vaults.
 28116 | D:13     | Reached skill level 5 in Armour
 28144 | D:13     | Noticed Sonja
 28147 | D:13     | Killed Sonja
 28229 | D:13     | Identified a scroll of acquirement
 29440 | D:14     | You fall into a shaft and drop 1 floor!
 29748 | D:15     | Found a shimmering blue altar of Sif Muna.
 30300 | D:14     | Reached skill level 12 in Conjurations
 30671 | D:14     | You fall into a shaft and drop 1 floor!
 31026 | D:14     | Slain by a red ugly thing

Illustrated notes

Levels and vault maps discovered:
D:1:      amcnicky_arrival_underground_garden, layout_basic
D:2:      layout_loops_cross
D:3:      layout_basic, chequers_serial_rivers_small_b
D:4:      lemuel_castle_with_subvaults [lemuel_castle_interior_carwin_3],
          layout_basic, fedhas_altar_3, overflow_temple_1_default,
          nicolae_tso_carved_into_rock, kennysheep_cross_bottleneck
D:5:      layout_loops_ring, minmay_temple_entry_slanted
D:6:      layout_basic
D:7:      minmay_clustersquares, layout_loops_ring, uniq_pikel, uniq_menkaure,
          uniq_duvessa
D:8:      layout_loops_cross, moated_statue,
          hangedman_abyss_or_decor_lesser_grid, uniq_erica
D:9:      layout_roguey, serial_corexii_hall, chequers_hall_statues_y,
          corexii_hall_statues_i, corexii_hall_statues_u,
          corexii_hall_statues_s, chequers_hall_statues_y,
          corexii_hall_statues_u
D:10:     layout_grid_maze, amethyst_overflow_temple_binary, erik_lair_island,
          david_orc_3, enter_bailey_3, amcnicky_altar_lugonu_corruption
D:11:     layout_stronghold
D:12:     layout_rooms
D:13:     layout_loops_ring, david_vaults_1, uniq_sonja, uniq_kirke
D:14:     minmay_big_diamond_grid, layout_small_grid, grunt_decor_cap
D:15:     gammafunk_depths_entry_grave, layout_loops_ring, ashenzari_altar_1,
          tgw_sif
Temple:   minmay_temple_bridge_d
Lair:1:   layout_cellular_growth, portal_ice_cave_demonic_guard,
          ebering_ghost_xom
Orc:1:    layout_caves, serial_shops, shop
Orc:2:    st_orc_rangers, layout_diamond_mine, serial_shops, shop,
          gammafunk_ghost_cemetery
Elf:1:    minmay_elf_arrival_plus, layout_geoelf_octagon, minmay_elf_necromancy,
          st_stairs_1, minmay_shoptagon

Skill      XL: |  1  2  3  4  5  6  7  8  9 10 11 12 13 14 |
---------------+-------------------------------------------+-----
Ranged Weapons | 1 2 3 4 5 |  5.0
Spellcasting   | 1 2 3 4 5 6 8 9 10 11 | 11.5
Ice Magic      | 3 5 6 |  6.0
Maces & Flails | 3 |  3.0
Conjurations   | 3 6 8 9 11 12 | 12.1
Poison Magic   | 3 4 5 |  5.8
Armour         | 2 3 4 5 |  5.0
Air Magic      | 2 4 5 6 |  6.0
Fighting       | 4 5 7 8 9 |  9.8
Dodging        | 2 3 |  3.0
Evocations     | 2 |  2.3
Fire Magic     | 3 6 |  6.0
Stealth        | 7 |  7.3
Transmutations | 2 |  2.3

Action                     |  1- 3 |  4- 6 |  7- 9 | 10-12 | 13-15 || total
---------------------------+-------+-------+-------+-------+-------++-------
  Melee: Mace              |    29 |   150 |    66 |       |       ||   245
         Punch             |       |     3 |     4 |     7 |     2 ||    16
         Flail             |       |       |   179 |   190 |   101 ||   470
         Trident           |       |       |       |   233 |    28 ||   261
         Dagger            |       |       |       |     4 |     1 ||     5
         Unarmed           |       |       |       |       |    18 ||    18
   Fire: Sling             |    92 |    53 |    40 |       |       ||   185
         Shortbow          |       |       |    83 |   425 |   216 ||   724
  Throw: Dart              |       |     8 |    17 |       |     3 ||    28
         Throwing net      |       |       |       |     2 |       ||     2
   Cast: Ozocubu's Armour  |       |       |    22 |    34 |    19 ||    75
         Mephitic Cloud    |       |       |     1 |    92 |    77 ||   170
         Olgreb's Toxic Ra |       |       |       |    61 |    39 ||   100
         Poisonous Vapours |       |       |       |    15 |       ||    15
         Sticky Flame      |       |       |       |     7 |       ||     7
         Ignite Poison     |       |       |       |    48 |    99 ||   147
         Conjure Ball Ligh |       |       |       |     1 |     2 ||     3
         Orb of Destructio |       |       |       |       |    13 ||    13
Ability: Dig               |       |     2 |     3 |     1 |       ||     6
         Shaft Self        |       |     2 |     6 |     2 |     5 ||    15
  Evoke: Wand              |       |     2 |    18 |     5 |     1 ||    26
    Use: Scroll            |     1 |     7 |     2 |     3 |    10 ||    23
         Potion            |       |     1 |     5 |     4 |     8 ||    18
   Stab: Sleeping          |       |     1 |     1 |     1 |     1 ||     4
         Invisible         |       |       |     1 |       |       ||     1
         Confused          |       |       |     1 |    28 |     2 ||    31
         Paralysed         |       |       |       |     3 |       ||     3
 Armour: Leather armour    |    17 |    58 |     3 |    77 |    68 ||   223
         Ring mail         |       |       |    78 |   104 |       ||   182
  Dodge: Dodged            |    50 |   136 |   178 |   467 |   231 ||  1062

Table legend: (Time is in decaauts)
 A = Elapsed time spent in this place.
 B = Non-inter-level travel time spent in this place.
 C = Inter-level travel time spent in this place.
 D = Time resting spent in this place.
 E = Time spent auto-exploring this place.
 F = Levels seen in this place.
 G = Mean time per level.
                   A        B        C        D        E       F      G
               +--------+--------+--------+--------+--------+-----+--------+
         Total |  31472 |  29749 |   1723 |  11199 |   6644 |  21 | 1498.7 |
       Dungeon |  27987 |  26742 |   1245 |  10193 |   5890 |  15 | 1865.8 |
        Temple |    368 |    222 |    146 |      0 |    210 |   1 |  368.0 |
          Lair |     41 |     41 |      0 |      0 |      0 |   1 |   41.0 |
  Orcish Mines |   3011 |   2679 |    332 |   1005 |    544 |   2 | 1505.5 |
   Elven Halls |      6 |      6 |      0 |      0 |      0 |   1 |    6.0 |
        Bailey |     57 |     57 |      0 |      0 |      0 |   1 |   57.0 |
               +--------+--------+--------+--------+--------+-----+--------+

Top non-repeatable levels by time:
    D:10: 3057 daAuts
    D:14: 2797 daAuts
    D:11: 2647 daAuts
     D:7: 2519 daAuts
     D:8: 2406 daAuts
    D:13: 2071 daAuts
     D:4: 2056 daAuts
     D:9: 1962 daAuts
     D:6: 1947 daAuts
    D:15: 1611 daAuts
   Orc:1: 1579 daAuts
   Orc:2: 1431 daAuts
    D:12: 1129 daAuts
     D:3: 1001 daAuts
     D:5: 957 daAuts
